 Dungeon Crawl Stone Soup version 0.25.1-8-g42b30a86e7 (webtiles) character file.

Game seed: 8376774876823971679

11 Chiseanne the Bolt Thrower (level 2, 0/20 HPs)
             Began as a Demonspawn Wanderer on Nov 30, 2020.
             Slain by a goblin
             ... wielding a +0 club
              (4 damage)
             ... on level 2 of the Dungeon.
             The game lasted 00:01:30 (182 turns).

Chiseanne the Bolt Thrower (Demonspawn Wanderer)     Turns: 182, Time: 00:01:31

Health: 0/20       AC:  8    Str: 10    XL:     2   Next: 17%
Magic:  3/3        EV:  8    Int: 16    God:
Gold:   36         SH:  0    Dex: 11    Spells: 2/2 levels left

rFire    . . .     SeeInvis .   a - +0 short sword
rCold    . . .     Gourm    .   (no shield)
rNeg     . . .     Faith    .   d - +2 scale mail
rPois    .         Spirit   .   (no helmet)
rElec    .         Reflect  .   (no cloak)
rCorr    .         Harm     .   (no gloves)
MR       .....                  (no boots)
Stlth    ..........             (no amulet)
HPRegen  0.06/turn              (no ring)
MPRegen  0.08/turn              (no ring)

@: no status effects
A: talons 1
a: no special abilities


You were on level 2 of the Dungeon.
You were not hungry.

You visited 1 branch of the dungeon, and saw 2 of its levels.

You collected 36 gold pieces.

Inventory:

Hand Weapons
 a - a +0 short sword (weapon)
Missiles
 b - 13 poisoned darts (quivered)
 c - 20 bolts
Armour
 d - a +2 scale mail (worn)
Comestibles
 f - a ration


   Skills:
 * Level 0.6 Fighting
   Level 2.6 Crossbows
 * Level 2.0 Armour
 * Level 0.6 Dodging
 * Level 0.6 Spellcasting
   Level 1.0 Summonings
   Level 1.7 Ice Magic
   Level 2.0 Evocations


You had 2 spell levels left.
You didn't know any spells.
Your spell library contained the following spells:

 Spells                   Type           Power        Failure   Level  Hunger
 Freeze                   Ice            #...         58%         1    ##.....
 Sandblast                Erth           #.....       85%         1    ##.....
 Frozen Ramparts          Ice            #.....       92%         3    ####...
 Stone Arrow              Conj/Erth      #.....       99%         3    ####...


Dungeon Overview and Level Annotations

Branches:
Dungeon (2/15)

Altars:


Innate Abilities, Weirdness & Mutations

You have sharp toenails.


Message History

You are too injured to fight recklessly!
You are too injured to fight recklessly!
Your scale mail prevents you from hitting the adder.
Your kick misses the adder.
The adder is severely wounded.
The adder barely misses you. The goblin hits you but does no damage.
You miss the adder.
The adder is severely wounded.
The adder bites you. x2; The goblin hits you with a +0 club.
* * * LOW HITPOINT WARNING * * *
You closely miss the adder. Your kick misses the adder.
The adder is severely wounded.
The adder closely misses you. The goblin barely misses you.
You barely miss the adder.
The adder is severely wounded.
The adder bites you but does no damage. The goblin hits you but does no damage.
You closely miss the adder.
The adder is severely wounded.
The adder bites you but does no damage. x2; The goblin hits you with a +0 club.
You die...

#...........
#...........
#..........#
..........#
#..........
##.....)..##
#...Sg.....#
#...@......#
#..........#
#......†...#
#..........#
##........##
##..<...##
####....#
#....#
#.......


You could see an adder and a goblin.

Vanquished Creatures
  2 giant cockroaches
  A goblin (D:1)
  A hobgoblin (D:1)
  4 bats
  A frilled lizard (D:1)
  A kobold (D:1)
  A rat (D:2)
11 creatures vanquished.

Notes
Turn   | Place    | Note
-------+----------+-------------------------------------------
     0 | D:1      | Chiseanne the Demonspawn Wanderer began the quest for the
                  | Orb.
     0 | D:1      | Chiseanne set off with the following items: a +0 dagger, a
                  | +2 scale mail, a ration; and the following spells available
                  | to memorise: Freeze, Sandblast, Frozen Ramparts, Stone
                  | Arrow
     0 | D:1      | Reached XP level 1. HP: 13/13 MP: 2/2
   157 | D:2      | Gained mutation: You have sharp toenails. [demonic
                  | ancestry]
   157 | D:2      | Reached XP level 2. HP: 17/20 MP: 3/3
   182 | D:2      | Slain by a goblin

Illustrated notes

Levels and vault maps discovered:
D:1:      mrwooster_arrival_arrow, layout_loops_ring, minmay_split_cup_small
D:2:      layout_rooms, minmay_distorted

Skill      XL: |  1 |
---------------+----+-----
Armour         | 2 |  2.0
Fighting       | |  0.6
Crossbows      | |  2.6
Dodging        | |  0.6
Spellcasting   | |  0.6
Summonings     | |  1.0
Ice Magic      | |  1.7
Evocations     | |  2.0

Action                   || total
-------------------------++-------
Melee: Dagger            ||    26
       Short sword       ||    28
Armor: Scale mail        ||    52
Dodge: Dodged            ||    34
